 Dungeon Crawl Stone Soup version 0.29.0-11-gd7f09526c8 (webtiles) character file.

Game seed: 11613282913663649004

121 Iusername the Slasher (level 4, -1/37 HPs)
             Began as a Palentonga Fighter on Sept 2, 2022.
             Was an Initiate of the Shining One.
             Slain by an iguana (11 damage)
             ... on level 6 of the Dungeon.
             The game lasted 00:03:49 (3435 turns).

Iusername the Slasher (Palentonga Fighter)          Turns: 3435, Time: 00:03:49

Health: -1/37      AC:  6    Str: 23    XL:     4   Next: 76%
Magic:  4/4        EV:  7    Int:  9    God:    the Shining One [......]
Gold:   78         SH:  4    Dex:  9    Spells: 3/3 levels left

rFire   . . .      SeeInvis +   a - +0 long sword
rCold   . . .      Faith    .   c - +0 buckler
rNeg    . . .      Spirit   .   b - +0 scale mail
rPois   .          Reflect  .   (no helmet)
rElec   .          Harm     .   (no cloak)
rCorr   .          Rampage  .   (no gloves)
Will    .....                   (no barding)
Stlth   ..........              (no amulet)
HPRegen 0.12/turn               (no ring)
MPRegen 0.09/turn               (no ring)

@: glowing
A: large, rugged brown scales 3, see invisible, deformed body, roll 1, armoured
tail
a: Rolling Charge, Renounce Religion


You were on level 6 of the Dungeon.
You worshipped the Shining One.
The Shining One was noncommittal.
You visited 2 branches of the dungeon, and saw 5 of its levels.

You collected 78 gold pieces.

Inventory:

Hand Weapons
 a - a +0 long sword (weapon)
Armour
 b - a +0 scale mail (worn)
 c - a +0 buckler (worn)
Scrolls
 h - a scroll of fear {unknown}
 k - a scroll of amnesia
Potions
 e - a potion of flight {unknown}
 f - a potion of degeneration {unknown}
 g - a potion of mutation {unknown}
 i - a potion of ambrosia {unknown}
 j - a potion of lignification {unknown}


   Skills:
 + Level 3.4 Fighting
 + Level 3.8 Long Blades
 + Level 3.1 Armour
 + Level 0.2 Dodging
 + Level 2.8 Shields


You had 3 spell levels left.
You didn't know any spells.
Your spell library contained the following spells:

 Spells                   Type           Power      Damage    Failure   Level
 Ensorcelled Hibernation  Hex/Ice        0%         N/A       88%         2
 Passwall                 Tmut/Erth      0%         N/A       88%         2
 Scorch                   Fire           0%         2d5       88%         2
 Gell's Gravitas          Tloc           0%         N/A       98%         3
 Lesser Beckoning         Tloc           0%         N/A       98%         3
 Swiftness                Air            0%         N/A       98%         3
 Teleport Other           Tloc           0%         N/A       98%         3
 Flame Wave               Conj/Fire      0%         2d4       100%        4
 Summon Cactus Giant      Summ           0%         N/A       100%        6


Dungeon Overview and Level Annotations

Branches:
Dungeon (6/15)             Temple (1/1) D:6

Altars:
Cheibriados
Elyvilon
Fedhas
Gozag
Hepliaklqana
Makhleb
Okawaru
Ru
Sif Muna
Trog
Uskayaw
Xom
Yredelemnul
Zin
The Shining One


Innate Abilities, Weirdness & Mutations

You are completely covered in rugged brown scales. (AC +3, +7% HP)
You have supernaturally acute eyesight. (SInv)
Armour fits poorly on your strangely shaped body.
You can roll at nearby foes to attack.
You have a long armoured tail.


Message History

The iguana barely misses you. The iguana bites you!
You slash the iguana!
You kill the iguana!
You block the iguana's attack.
You hit the iguana.
The iguana is lightly wounded.
The iguana barely misses you. The iguana bites you.
You are too injured to fight recklessly!
You are too injured to fight recklessly!
You are too injured to fight recklessly!
You are too injured to fight recklessly!
Unknown command.
You are too injured to fight recklessly!
Unknown command.
You are too injured to fight recklessly!
Unknown command.
You are too injured to fight recklessly!
Unknown command.
You are too injured to fight recklessly!
You hit the iguana but do no damage.
The iguana is lightly wounded.
The iguana bites you!
* * * LOW HITPOINT WARNING * * *
The iguana closely misses you. The iguana barely misses you.
The iguana closely misses you.
You hit the iguana.
Your tail-slap misses the iguana.
The iguana is moderately wounded.
The iguana bites you.
* * * LOW HITPOINT WARNING * * *
You block the iguana's attack.
You feel better. The iguana bites you.
* * * LOW HITPOINT WARNING * * *
The iguana barely misses you.
You barely miss the iguana.
The iguana is moderately wounded.
The iguana barely misses you. x2
You barely miss the iguana.
The iguana is moderately wounded.
The iguana bites you!
You die...

. ##........#....#
....###..............##
.....#............|...
)...........≈≈≈≈≈.... #.
##.....≈≈≈≈≈≈≈≈≈..
..#.###...≈≈~~≈≈≈≈≈≈≈≈≈
. ....##.≈≈≈≈~~≈≈≈≈≈≈≈≈
....##..#.≈≈≈≈≈≈...≈≈≈≈≈
...>...@..≈≈≈≈≈≈.>.≈≈≈≈≈
.......ll$≈≈≈≈≈≈...≈≈≈≈≈
..#........≈≈≈≈≈≈≈≈≈≈≈≈≈
#..........≈≈≈≈≈≈≈≈≈..
..............≈≈≈≈≈.$..
........................
##............####.....#
..#..........# #.....


You could see 2 iguanas.

Vanquished Creatures
  An iguana (D:6)
  An orc wizard (D:2)
  3 worms (D:2)
  2 dart slugs
  4 orcs (D:2)
  7 ball pythons
  5 endoplasms
  3 giant cockroaches
  2 goblins
  A hobgoblin (D:2)
  5 quokkas
  5 bats
  5 frilled lizards
  7 kobolds (D:1)
  4 rats
55 creatures vanquished.

Vanquished Creatures (others)
  4 plants (D:1)
4 creatures vanquished.

Grand Total: 59 creatures vanquished

Notes
Turn   | Place    | Note
-------+----------+-------------------------------------------
     0 | D:1      | Iusername the Palentonga Fighter began the quest for the
                  | Orb.
     0 | D:1      | Reached XP level 1. HP: 19/19 MP: 1/1
   466 | D:1      | Reached XP level 2. HP: 24/25 MP: 2/2
  1362 | D:1      | Reached XP level 3. HP: 13/31 MP: 3/3
  3069 | D:2      | Reached XP level 4. HP: 35/37 MP: 4/4
  3208 | D:3      | Found a faded altar of an unknown god.
  3265 | D:3      | You fall into a shaft and drop 3 floors!
  3267 | D:6      | Found a staircase to the Ecumenical Temple.
  3279 | Temple   | Entered the Ecumenical Temple
  3364 | Temple   | Became a worshipper of the Shining One
  3435 | D:6      | Slain by an iguana

Illustrated notes

Levels and vault maps discovered:
D:1:      zelgadis_glass_arrival_small, layout_basic, dk_noncrumbling_2,
          lexackson_kobold_supper
D:2:      layout_basic, minmay_cupped
D:3:      layout_rooms, chequers_ecumenical_altar_simple_redux,
          biasface_ghost_orc_armoury, grunt_decor_arrowhead
D:6:      layout_cave_pools, temple_pool_b, serial_shops, nicolae_square_shop
Temple:   nicolae_temple_elliptical

Skill      XL: |  1  2  3 |
---------------+----------+-----
Armour         | 3 |  3.1
Long Blades    | 3 |  3.8
Fighting       | |  3.4
Dodging        | |  0.2
Shields        | |  2.8

Action                   |  1- 3 |  4- 6 || total
-------------------------+-------+-------++-------
Melee: Long sword        |   145 |    25 ||   170
       Tailslap          |    13 |     3 ||    16
  Use: Potion            |     1 |     1 ||     2
       Scroll            |       |     2 ||     2
Armor: Scale mail        |    91 |     8 ||    99
Dodge: Dodged            |    56 |    13 ||    69
Block: Buckler           |    16 |     2 ||    18
